[Event "XVII Orsha-2019 Open"]
[Site "Orsha"]
[Date "2019.01.18"]
[Round "2.26"]
[White "Klachkou, Platon"]
[Black "Paniagua Chnelik, Sebastian"]
[Result "0-1"]
[ECO "D43"]
[WhiteElo "1771"]
[BlackElo "2188"]
[PlyCount "66"]
[EventDate "2019.01.18"]
[EventType "swiss"]
[EventCountry "BLR"]
[TimeControl "5400+30"]

1. d4 d5 2. c4 e6 3. Nc3 c6 4. Nf3 Nf6 5. Bg5 h6 6. Bh4 g5 7. Bg3 dxc4 8. a4 Bb4 9. e3 b5 10. axb5 cxb5 11. Nd2 Bd7 12. Qc2 Nd5 13. Be2 Bc6 14. h4 gxh4 15. Bxh4 Be7 16. Bxe7 Qxe7 17. Nxd5 exd5 18. Bf3 Bb7 19. Rh5 Nc6 20. Bxd5 Nb4 21. Qb1 Bxd5 22. Qf5 Qe6 23. Qxe6+ fxe6 24. Ke2 a6 25. e4 Bb7 26. Re5 Kd7 27. Rd1 Nd3 28. Nf3 Nxb2 29. d5 Nxd1 30. dxe6+ Kd6 31. Kxd1 Rae8 32. Rh5 Rxe6 33. e5+ Kc5 0-1

[Event "XVII Orsha-2019 Open"]
[Site "Orsha"]
[Date "2019.01.18"]
[Round "2.27"]
[White "Davidov, Alexey"]
[Black "Pogosian, Georgy"]
[Result "0-1"]
[ECO "C06"]
[WhiteElo "1688"]
[BlackElo "2090"]
[PlyCount "104"]
[EventDate "2019.01.18"]
[EventType "swiss"]
[EventCountry "BLR"]
[TimeControl "5400+30"]

1. e4 e6 2. d4 d5 3. Nd2 Nf6 4. Bd3 c5 5. c3 Nc6 6. e5 Nd7 7. Ne2 cxd4 8. cxd4 f6 9. exf6 Qxf6 10. Nf3 h6 11. O-O Bd6 12. Ng3 O-O 13. Bb1 Rf7 14. Nh5 Qd8 15. Qd3 Nf8 16. Re1 Bd7 17. Ne5 Bxe5 18. dxe5 Rf5 19. Qh3 Qa5 20. Rd1 Rxe5 21. Bd2 Qb6 22. Nxg7 Kxg7 23. Qxh6+ Kf7 24. Bf4 Be8 25. Bxe5 Nxe5 26. Qh5+ Neg6 27. Bxg6+ Nxg6 28. Qh7+ Kf6 29. Rd3 Ke5 30. Rb3 Qc6 31. Re1+ Kd6 32. Rc3 Qd7 33. Qh3 e5 34. Qg3 Rc8 35. Rxc8 Qxc8 36. h4 Nf4 37. Qg5 Qe6 38. Qg3 Qg6 39. Qa3+ Ke6 40. g3 a6 41. Kh2 Nd3 42. Re2 e4 43. Qb3 Bb5 44. Rd2 Bc6 45. Qb6 Ne5 46. Kg1 Nf3+ 47. Kg2 Nxd2 48. Qd8 Qf7 49. Qg5 Qf3+ 50. Kh3 Qf5+ 51. Qxf5+ Kxf5 52. g4+ Kf4 0-1

[Event "XVII Orsha-2019 Open"]
[Site "Orsha"]
[Date "2019.01.18"]
[Round "2.28"]
[White "Ghevondyan, Arman"]
[Black "Semenov, Rinat"]
[Result "1-0"]
[ECO "A46"]
[WhiteElo "1679"]
[BlackElo "2081"]
[PlyCount "68"]
[EventDate "2019.01.18"]
[EventType "swiss"]
[EventCountry "BLR"]
[TimeControl "5400+30"]

1. Nf3 Nf6 2. g3 b5 3. Bg2 Bb7 4. d4 e6 5. O-O c5 6. a4 b4 7. c4 cxd4 8. Qxd4 Nc6 9. Qd1 Na5 10. Nbd2 Rc8 11. b3 d5 12. Ne5 Qc7 13. Bb2 Bd6 14. Nd3 dxc4 15. Bxb7 Qxb7 16. Nxc4 Nxc4 17. bxc4 Rxc4 18. Rc1 Rxc1 19. Qxc1 Be7 20. Qg5 O-O 21. Nf4 Qe4 22. e3 Rc8 23. Nh5 Qg6 24. Nxf6+ Bxf6 25. Bxf6 Qxf6 26. Qb5 Qc3 27. Rb1 a5 28. Qxa5 Rb8 29. Qa7 Qc8 30. Qe7 b3 31. Qa3 b2 32. a5 h5 33. h4 Qc2 34. Qa2 Rb3 1-0

[Event "XVII Orsha-2019 Open"]
[Site "Orsha"]
[Date "2019.01.18"]
[Round "2.29"]
[White "Ponikarovsky, Alexey"]
[Black "Volchkov, Ivan"]
[Result "1/2-1/2"]
[ECO "B34"]
[WhiteElo "2007"]
[BlackElo "1685"]
[PlyCount "48"]
[EventDate "2019.01.18"]
[EventType "swiss"]
[EventCountry "BLR"]
[TimeControl "5400+30"]

1. e4 c5 2. Nf3 Nc6 3. Nc3 g6 4. d4 cxd4 5. Nxd4 Bg7 6. Nde2 d6 7. g3 Bg4 8. Bg2 Nd4 9. O-O Nxe2+ 10. Nxe2 h5 11. h3 Bd7 12. c3 Qc8 13. Kh2 Nf6 14. f3 Qc7 15. Bg5 O-O-O 16. Qb3 Be6 17. Qa3 Qc5 18. Qxc5+ dxc5 19. Be3 b6 20. Rfe1 Bc4 21. Bf1 e5 22. b3 Bd3 23. Rad1 Bh6 24. Bxh6 Rxh6 1/2-1/2

[Event "XVII Orsha-2019 Open"]
[Site "Orsha"]
[Date "2019.01.18"]
[Round "2.30"]
[White "Naumovich, Yaroslav"]
[Black "Sokolov, Sergey"]
[Result "1/2-1/2"]
[ECO "D12"]
[WhiteElo "1915"]
[BlackElo "1756"]
[PlyCount "116"]
[EventDate "2019.01.18"]
[EventType "swiss"]
[EventCountry "BLR"]
[TimeControl "5400+30"]

1. Nf3 Nf6 2. d4 d5 3. e3 Bf5 4. Bd3 Bg6 5. c4 e6 6. Nc3 c6 7. Qc2 Nbd7 8. O-O Be7 9. e4 dxe4 10. Nxe4 O-O 11. Bf4 Nxe4 12. Bxe4 Nf6 13. Bxg6 hxg6 14. Rfd1 Re8 15. Rd3 Qa5 16. Be5 Rad8 17. a3 Bd6 18. Rad1 Qa6 19. R3d2 Rd7 20. h3 Red8 21. Ng5 c5 22. Bxf6 gxf6 23. Ne4 Be7 24. dxc5 Rxd2 25. Rxd2 Rxd2 26. Nxd2 Bxc5 27. b4 Be7 28. Qd3 Qc6 29. Nb3 b6 30. Kf1 f5 31. Nd4 Qd7 32. Ke2 a6 33. Nf3 Qc7 34. g4 fxg4 35. hxg4 Bf6 36. Qe4 Qc8 37. g5 Bg7 38. Nd2 Bb2 39. Qd3 Qc7 40. Ne4 Qe5 41. c5 bxc5 42. bxc5 Bxa3 43. c6 Be7 44. Qc4 Bd8 45. Kd3 a5 46. Nf6+ Kg7 47. Ne8+ Kf8 48. c7 Bxc7 49. Nxc7 Qxg5 50. Nb5 Qf5+ 51. Ke2 Qh5+ 52. Kd2 Qg5+ 53. Ke1 Qe5+ 54. Kf1 g5 55. Nd4 Qf4 56. Qc8+ Kg7 57. Qc3 Qf6 58. Qc4 Qf4 1/2-1/2

[Event "XVII Orsha-2019 Open"]
[Site "Orsha"]
[Date "2019.01.18"]
[Round "2.31"]
[White "Abrazevich, Yauheni"]
[Black "Gusenkova, Karina"]
[Result "1-0"]
[ECO "B12"]
[WhiteElo "1914"]
[BlackElo "1642"]
[PlyCount "95"]
[EventDate "2019.01.18"]
[EventType "swiss"]
[EventCountry "BLR"]
[TimeControl "5400+30"]

1. e4 c6 2. d4 d5 3. Nd2 g6 4. c3 Bg7 5. Ngf3 e6 6. e5 Ne7 7. Bd3 Nd7 8. O-O c5 9. Re1 Nc6 10. Bb1 cxd4 11. cxd4 O-O 12. Nb3 h6 13. Be3 Nb6 14. Qc1 Kh7 15. Bd3 a5 16. h4 Nb4 17. Bb1 Nc4 18. Bf4 a4 19. Nc5 b6 20. Nd3 Nc6 21. Bc2 Bd7 22. b3 axb3 23. axb3 N4a5 24. Bd2 Rc8 25. h5 Ne7 26. Qb1 Be8 27. Nf4 Rg8 28. hxg6+ fxg6 29. Nxe6 Qd7 30. Nxg7 Rxg7 31. Bxa5 bxa5 32. Rxa5 Nc6 33. Ra4 Qc7 34. Bd3 Ne7 35. Ra6 Qc3 36. b4 Rb8 37. b5 Qc8 38. Ra7 Qg4 39. Qb4 Nf5 40. Rea1 h5 41. Rxg7+ Kxg7 42. Ra7+ Kg8 43. Qc5 Nh4 44. Nxh4 Rc8 45. Qxd5+ Kh8 46. Nf3 Rc1+ 47. Bf1 Rc3 48. Qb7 1-0

[Event "XVII Orsha-2019 Open"]
[Site "Orsha"]
[Date "2019.01.18"]
[Round "2.32"]
[White "Dolgopyatov, Evgeniy"]
[Black "Bialiauski, Artsiom"]
[Result "1-0"]
[ECO "A47"]
[WhiteElo "1661"]
[BlackElo "1914"]
[PlyCount "151"]
[EventDate "2019.01.18"]
[EventType "swiss"]
[EventCountry "BLR"]
[TimeControl "5400+30"]

1. d4 Nf6 2. Nf3 e6 3. Bg5 c5 4. e3 Be7 5. c3 O-O 6. Nbd2 b6 7. Bd3 Bb7 8. O-O d6 9. Qc2 Nbd7 10. Rad1 Rc8 11. Qb1 Rc7 12. Rfe1 h6 13. Bxf6 Bxf6 14. e4 e5 15. dxe5 Nxe5 16. Nxe5 Bxe5 17. Nf3 Bf6 18. Bc4 Qe7 19. Qd3 Re8 20. Bd5 Bc8 21. Bb3 Rd8 22. h3 g5 23. e5 dxe5 24. Qg6+ Kf8 25. Rxd8+ Qxd8 26. Qxh6+ Bg7 27. Qxg5 Qxg5 28. Nxg5 c4 29. Bc2 f6 30. Ne4 Bf5 31. Rd1 Ke7 32. f3 b5 33. g4 Bh7 34. Kf2 a5 35. Bb1 b4 36. Nxf6 Bxf6 37. Bxh7 Rb7 38. Be4 Rb6 39. Rd2 Bh4+ 40. Ke2 b3 41. a4 Bg5 42. Rd5 Bc1 43. Rxe5+ Kd6 44. Rd5+ Ke7 45. Rc5 Bxb2 46. Rxc4 Bc1 47. h4 b2 48. Bb1 Rb3 49. g5 Ra3 50. Kd1 Rb3 51. f4 Rb8 52. h5 Rd8+ 53. Ke1 Rd2 54. h6 Rh2 55. h7 Be3 56. Bf5 Bb6 57. Rc8 Rh1+ 58. Ke2 Bd8 59. Rb8 Rh2+ 60. Kd3 Kd6 61. Kc4 Kc7 62. Rb5 Rh4 63. g6 Rxf4+ 64. Kd3 Bf6 65. Be4 Rh4 66. Rxb2 Rh3+ 67. Kc4 Rxc3+ 68. Kb5 Rc5+ 69. Kxc5 Bxb2 70. Kb5 Bc3 71. h8=Q Bxh8 72. Kxa5 Bf6 73. Kb5 Bg7 74. a5 Kd6 75. a6 Ke6 76. a7 1-0

[Event "XVII Orsha-2019 Open"]
[Site "Orsha"]
[Date "2019.01.18"]
[Round "2.33"]
[White "Vainerchuk, Barys"]
[Black "Slesareva, Miraslava"]
[Result "1-0"]
[ECO "B28"]
[WhiteElo "1907"]
[BlackElo "1626"]
[PlyCount "125"]
[EventDate "2019.01.18"]
[EventType "swiss"]
[EventCountry "BLR"]
[TimeControl "5400+30"]

1. e4 c5 2. Nf3 a6 3. c3 d5 4. exd5 Qxd5 5. d4 e6 6. Be2 Nf6 7. O-O Be7 8. c4 Qd8 9. Nc3 cxd4 10. Nxd4 O-O 11. Be3 e5 12. Nc2 Nc6 13. Nd5 Be6 14. Bb6 Qd7 15. Nce3 Bd8 16. Bc5 Re8 17. Nxf6+ Bxf6 18. Qxd7 Bxd7 19. Nd5 Bd8 20. Rfd1 Be6 21. Bf3 f5 22. b3 e4 23. Be2 Rc8 24. Nb6 Bxb6 25. Bxb6 Ne5 26. Rd2 Bd7 27. Rad1 Bc6 28. Be3 Rf8 29. Bf4 Ng6 30. Bd6 Rfe8 31. g3 Ne5 32. Bxe5 Rxe5 33. Rd6 Rce8 34. b4 e3 35. f4 R5e6 36. R6d3 g6 37. Rc3 Ba4 38. Rd4 Re4 39. Rxe4 Rxe4 40. Kf1 Bc6 41. Bd3 Re7 42. b5 axb5 43. cxb5 Bd5 44. a4 Kg7 45. a5 Kf6 46. a6 bxa6 47. bxa6 Bf3 48. Be2 Bd5 49. Bb5 Kf7 50. Bc4 Bxc4+ 51. Rxc4 e2+ 52. Ke1 Re6 53. Ra4 Re8 54. a7 Ra8 55. Kxe2 Ke6 56. Ke3 Kd5 57. Kd3 Kc5 58. Ra2 Kd5 59. Ra5+ Ke6 60. Kd4 Kd6 61. Ra6+ Kc7 62. Ke5 Kb7 63. Ra2 1-0

[Event "XVII Orsha-2019 Open"]
[Site "Orsha"]
[Date "2019.01.18"]
[Round "2.34"]
[White "Shaban, Aliaksandra"]
[Black "Gonov, Sergey"]
[Result "0-1"]
[ECO "B40"]
[WhiteElo "1482"]
[BlackElo "1905"]
[PlyCount "72"]
[EventDate "2019.01.18"]
[EventType "swiss"]
[EventCountry "BLR"]
[TimeControl "5400+30"]

1. e4 c5 2. Nf3 e6 3. d3 d5 4. Nbd2 Nc6 5. g3 f5 6. Qe2 fxe4 7. dxe4 d4 8. e5 Nh6 9. Ne4 Nf7 10. Bf4 Be7 11. Bg2 Qc7 12. O-O O-O 13. Ned2 g5 14. Nxg5 Bxg5 15. Qg4 Ncxe5 16. Bxe5 Qxe5 17. h4 h5 18. Qd1 Bxd2 19. Qxd2 Qf5 20. Rae1 Nd6 21. Kh2 e5 22. Bd5+ Kg7 23. Qa5 b6 24. Qa4 Bb7 25. Bxb7 Nxb7 26. f4 e4 27. Qc6 Rf7 28. Qxe4 Qxe4 29. Rxe4 Nd6 30. Re5 Re8 31. Rfe1 Rxe5 32. Rxe5 Nf5 33. Re2 Re7 34. Rxe7+ Nxe7 35. Kg2 Kf6 36. Kf3 Kf5 0-1

[Event "XVII Orsha-2019 Open"]
[Site "Orsha"]
[Date "2019.01.18"]
[Round "2.35"]
[White "Gabdrakipov, Kirill"]
[Black "Kulikov, Egor"]
[Result "1-0"]
[ECO "B27"]
[WhiteElo "1901"]
[BlackElo "1557"]
[PlyCount "107"]
[EventDate "2019.01.18"]
[EventType "swiss"]
[EventCountry "BLR"]
[TimeControl "5400+30"]

1. e4 c5 2. Nf3 b6 3. d4 cxd4 4. Nxd4 Bb7 5. Nc3 a6 6. f3 e6 7. Be3 d6 8. Qd2 Nd7 9. Nb3 Ngf6 10. Bf4 Nc5 11. Rd1 d5 12. exd5 Nxd5 13. Nxc5 Bxc5 14. Nxd5 Bxd5 15. c4 Bc6 16. Qc3 Qf6 17. Be5 Qh4+ 18. g3 Qe7 19. a3 f6 20. Bd4 Rd8 21. Be2 O-O 22. b4 Bxd4 23. Rxd4 e5 24. Rxd8 Rxd8 25. O-O Qb7 26. c5 bxc5 27. Qxc5 Bb5 28. Rd1 Rc8 29. Qe3 Bxe2 30. Qxe2 Qb6+ 31. Kg2 Qc6 32. Qa2+ Kf8 33. a4 Ke7 34. Rd2 Qc4 35. Qb1 g6 36. b5 axb5 37. axb5 Rb8 38. b6 Qc6 39. Qb4+ Ke6 40. Qb3+ Ke7 41. Rb2 h5 42. Qd3 f5 43. Qe3 Kf6 44. Re2 e4 45. Qd4+ Kf7 46. fxe4 Rxb6 47. Kh3 Qe6 48. Rf2 Rb5 49. Qa7+ Kf6 50. Qa8 Re5 51. Qf8+ Kg5 52. Kg2 Rxe4 53. h4+ Kg4 54. Qd8 1-0

[Event "XVII Orsha-2019 Open"]
[Site "Orsha"]
[Date "2019.01.18"]
[Round "2.36"]
[White "Karas, Andrei"]
[Black "Tsesler, Yakau"]
[Result "0-1"]
[ECO "E07"]
[WhiteElo "1422"]
[BlackElo "1895"]
[PlyCount "68"]
[EventDate "2019.01.18"]
[EventType "swiss"]
[EventCountry "BLR"]
[TimeControl "5400+30"]

1. c4 e6 2. g3 d5 3. Bg2 Nf6 4. Nf3 Nbd7 5. b3 Be7 6. O-O c6 7. Bb2 O-O 8. d3 b6 9. Nbd2 Bb7 10. Rc1 Rc8 11. d4 Re8 12. e3 a6 13. Qe2 b5 14. Rfd1 Bd6 15. Ne5 Qc7 16. Nd3 Qb8 17. c5 Bc7 18. f4 Kh8 19. Kf2 Ng8 20. h4 f6 21. Nf3 Nh6 22. Bh3 Rcd8 23. g4 Nf7 24. g5 e5 25. dxe5 fxe5 26. Bxd7 Rxd7 27. Ndxe5 Nxe5 28. Nxe5 Rde7 29. g6 h6 30. Qh5 Kg8 31. Ng4 Bxf4 32. Bd4 Bc8 33. Rc3 Rf8 34. Kg2 Rf5 0-1

[Event "XVII Orsha-2019 Open"]
[Site "Orsha"]
[Date "2019.01.18"]
[Round "2.37"]
[White "Staravoitava, Hanna"]
[Black "Masterova, Daria"]
[Result "1-0"]
[ECO "C47"]
[WhiteElo "1864"]
[BlackElo "1500"]
[PlyCount "37"]
[EventDate "2019.01.18"]
[EventType "swiss"]
[EventCountry "BLR"]
[TimeControl "5400+30"]

1. e4 e5 2. Nf3 Nf6 3. Nc3 Nc6 4. Be2 g6 5. d4 d6 6. Bg5 Bg7 7. dxe5 dxe5 8. Qxd8+ Kxd8 9. Nd5 Ne7 10. Nxf6 c6 11. Nxe5 Rf8 12. O-O-O+ Kc7 13. Bf4 b5 14. Nc4+ Kb7 15. Nd6+ Ka6 16. Nfe8 Rb8 17. Be3 Be5 18. Rd3 Rxe8 19. Ra3# 1-0

[Event "XVII Orsha-2019 Open"]
[Site "Orsha"]
[Date "2019.01.18"]
[Round "2.38"]
[White "Kolosovskaya, Olga"]
[Black "Borodulin, Pavel"]
[Result "1-0"]
[ECO "E00"]
[WhiteElo "1855"]
[BlackElo "1481"]
[PlyCount "79"]
[EventDate "2019.01.18"]
[EventType "swiss"]
[EventCountry "BLR"]
[TimeControl "5400+30"]

1. d4 Nf6 2. c4 e6 3. g3 Bb4+ 4. Bd2 Bxd2+ 5. Nxd2 O-O 6. Bg2 d6 7. e4 Nbd7 8. Ne2 c5 9. d5 e5 10. O-O b6 11. Nc3 a6 12. Qc2 Qc7 13. Rae1 Bb7 14. a4 Rab8 15. f4 Rfe8 16. Qd3 Ba8 17. Qf3 Qd8 18. Kh1 Kh8 19. Rg1 Qe7 20. h3 Bb7 21. Kh2 Bc8 22. Bf1 Bb7 23. Bd3 Ng8 24. Rg2 Rf8 25. f5 f6 26. g4 Nh6 27. Qe3 Nf7 28. Reg1 Rg8 29. Nf3 Rbe8 30. Be2 Nd8 31. Qf2 Ba8 32. Nd1 Nb7 33. Ne3 Na5 34. Nh4 Nf8 35. Bd1 Rb8 36. g5 fxg5 37. Rxg5 Rb7 38. f6 Qf7 39. fxg7+ Rxg7 40. Rf5 1-0

[Event "XVII Orsha-2019 Open"]
[Site "Orsha"]
[Date "2019.01.18"]
[Round "2.39"]
[White "Simonian, Anna"]
[Black "Loshakov, Dmitry"]
[Result "1/2-1/2"]
[ECO "B33"]
[WhiteElo "1289"]
[BlackElo "1852"]
[PlyCount "160"]
[EventDate "2019.01.18"]
[EventType "swiss"]
[EventCountry "BLR"]
[TimeControl "5400+30"]

1. e4 c5 2. Nf3 Nc6 3. d4 cxd4 4. Nxd4 Nf6 5. Nc3 e5 6. Ndb5 d6 7. Bg5 a6 8. Na3 b5 9. Nd5 Be7 10. Bxf6 Bxf6 11. c4 b4 12. Nc2 a5 13. Be2 O-O 14. O-O Bg5 15. Nce3 Be6 16. Bg4 Nd4 17. Rc1 f5 18. exf5 Bxd5 19. cxd5 Ra7 20. Rc4 Qb6 21. Qd3 Raf7 22. Kh1 Rf6 23. Rfc1 g6 24. Rc7 Qb5 25. Qxb5 Nxb5 26. Rb7 Nd4 27. Rcc7 R8f7 28. Rxf7 Rxf7 29. Rxf7 Kxf7 30. fxg6+ hxg6 31. Nc4 Ke7 32. Nxa5 Bc1 33. Nc4 Nc2 34. Kg1 Ne1 35. a3 Nd3 36. Be2 Nxb2 37. Nxb2 bxa3 38. Bc4 axb2 39. Ba2 g5 40. Kf1 Kd7 41. Ke2 Kc7 42. Kd3 Kb6 43. Kc4 Ka5 44. Kb3 Kb5 45. Kc2 Kb4 46. h3 Kc5 47. Kd3 Bf4 48. Ke4 Bd2 49. Kd3 Be1 50. f3 Kb4 51. Kc2 Bc3 52. Kd3 Bd4 53. Kc2 Kc5 54. Kd3 Bf2 55. Kc2 Kb4 56. Kd3 Ka3 57. Bb1 Kb3 58. Kd2 Kc4 59. Be4 Bc5 60. Kc2 Ba3 61. Kd2 Bb4+ 62. Kc2 Bc3 63. Kd1 Kb3 64. Bb1 Bb4 65. Ke2 Kc3 66. Ke3 Bc5+ 67. Ke2 Bg1 68. Be4 Bh2 69. Bb1 Bg3 70. Be4 Kd4 71. Kd2 Bf4+ 72. Ke2 Bc1 73. Kf2 Be3+ 74. Ke2 Bf4 75. Kf2 b1=Q 76. Bxb1 Kxd5 77. Ba2+ Kd4 78. Bb1 d5 79. Ke2 Bg3 80. Bc2 Kc3 1/2-1/2

[Event "XVII Orsha-2019 Open"]
[Site "Orsha"]
[Date "2019.01.18"]
[Round "2.40"]
[White "Ivanov, Igor"]
[Black "Vlasov, Andrey"]
[Result "1-0"]
[ECO "A13"]
[WhiteElo "2131"]
[BlackElo "2316"]
[PlyCount "48"]
[EventDate "2019.01.18"]
[EventType "swiss"]
[EventCountry "BLR"]
[TimeControl "5400+30"]

1. c4 c6 2. g3 d5 3. Qc2 Nf6 4. Bg2 e6 5. Nf3 Nbd7 6. O-O dxc4 7. Qxc4 Nb6 8. Qb3 Bd6 9. d4 O-O 10. Nc3 Re8 11. e4 Bc7 12. Rd1 h6 13. Qc2 Qe7 14. b3 Bd7 15. a4 a5 16. Ba3 Bd6 17. Bxd6 Qxd6 18. e5 Qe7 19. exf6 Qxf6 20. Ne5 Rad8 21. Ne4 Qe7 22. Qc5 Qxc5 23. dxc5 Nd5 24. Nd6 Rb8 1-0

[Event "XVII Orsha-2019 Open"]
[Site "Orsha"]
[Date "2019.01.19"]
[Round "3.11"]
[White "Silich, Yahor"]
[Black "Zeliantsova, Kseniya"]
[Result "1-0"]
[ECO "B31"]
[WhiteElo "2116"]
[BlackElo "1858"]
[PlyCount "77"]
[EventDate "2019.01.18"]
[EventType "swiss"]
[EventCountry "BLR"]
[TimeControl "5400+30"]

1. e4 c5 2. Nf3 Nc6 3. Bb5 g6 4. O-O Bg7 5. Re1 Nh6 6. c3 Qb6 7. Bf1 d6 8. h3 e5 9. Na3 O-O 10. Nc4 Qc7 11. d4 b6 12. dxc5 dxc5 13. Ne3 Ne7 14. Bc4 Bb7 15. Qc2 Rad8 16. a4 Kh8 17. b3 f6 18. h4 Nf7 19. h5 Nd6 20. h6 Bxh6 21. Nd5 Nxd5 22. Bxh6 Nf4 23. Bxf8 Rxf8 24. g3 Qc8 25. Bf1 Ne6 26. Rad1 Nf7 27. Bg2 c4 28. b4 a5 29. Qb2 Neg5 30. Nxg5 Nxg5 31. bxa5 bxa5 32. Rd6 f5 33. Qb5 Re8 34. exf5 Bxg2 35. Kxg2 e4 36. Qc6 Qb8 37. Rd7 Qe5 38. Rd5 Qe7 39. f6 1-0

[Event "XVII Orsha-2019 Open"]
[Site "Orsha"]
[Date "2019.01.19"]
[Round "3.12"]
[White "Gabdrakipov, Ilshat"]
[Black "Sukalina, Alina"]
[Result "1-0"]
[ECO "C30"]
[WhiteElo "2098"]
[BlackElo "1546"]
[PlyCount "71"]
[EventDate "2019.01.18"]
[EventType "swiss"]
[EventCountry "BLR"]
[TimeControl "5400+30"]

1. e4 e5 2. Nc3 Nc6 3. Bc4 Nf6 4. d3 Bc5 5. f4 d6 6. Nf3 Bg4 7. Na4 Bb6 8. Nxb6 axb6 9. c3 Qe7 10. f5 Bxf3 11. Qxf3 Nd7 12. O-O O-O-O 13. b4 f6 14. a4 g6 15. a5 bxa5 16. b5 Ncb8 17. Rxa5 Rdf8 18. Be6 g5 19. Ra8 Qe8 20. Be3 Kd8 21. d4 Ke7 22. Ra7 Qc8 23. Qh5 Qe8 24. Qe2 Qc8 25. dxe5 dxe5 26. Bc5+ Nxc5 27. Bxc8 Rxc8 28. Rd1 Rhd8 29. Raa1 Nbd7 30. Rd5 Ra8 31. Rad1 Ra4 32. Qh5 Rf8 33. Qxh7+ Rf7 34. Rxd7+ Nxd7 35. Rxd7+ Kxd7 36. Qxf7+ 1-0

[Event "XVII Orsha-2019 Open"]
[Site "Orsha"]
[Date "2019.01.19"]
[Round "3.14"]
[White "Vainerchuk, Barys"]
[Black "Tihonov, Jurij"]
[Result "1/2-1/2"]
[ECO "B53"]
[WhiteElo "1907"]
[BlackElo "2399"]
[PlyCount "97"]
[EventDate "2019.01.18"]
[EventType "swiss"]
[EventCountry "BLR"]
[TimeControl "5400+30"]

1. e4 c5 2. Nf3 d6 3. d4 cxd4 4. Qxd4 Nc6 5. Bb5 a6 6. Bxc6+ bxc6 7. c4 e5 8. Qd3 Nf6 9. Nc3 Be7 10. O-O O-O 11. Bg5 Qb6 12. b3 Rd8 13. Rfd1 Be6 14. Qe2 h6 15. Bh4 g5 16. Bg3 Nh5 17. Rac1 Qc7 18. Nd5 Qd7 19. Nxe7+ Qxe7 20. c5 f6 21. cxd6 Rxd6 22. Rxd6 Qxd6 23. Rd1 Qe7 24. Ne1 Nxg3 25. hxg3 a5 26. Qc2 c5 27. Nd3 Rd8 28. Rc1 c4 29. bxc4 Rd4 30. c5 Qc7 31. Nb2 Bxa2 32. Ra1 Be6 33. f3 Kg7 34. Rf1 Qc6 35. Qc3 Rb4 36. Re1 Rb3 37. Qc2 a4 38. Kh2 Qb5 39. Nd1 Rb4 40. Ne3 Rb2 41. Qd1 a3 42. c6 a2 43. Qd6 Rb1 44. Nd5 Bxd5 45. exd5 Rxe1 46. Qd7+ Kf8 47. Qd8+ Kf7 48. Qd7+ Kg6 49. Qe8+ 1/2-1/2

[Event "XVII Orsha-2019 Open"]
[Site "Orsha"]
[Date "2019.01.19"]
[Round "3.15"]
[White "Paniagua Chnelik, Sebastian"]
[Black "Gabdrakipov, Kirill"]
[Result "1-0"]
[ECO "D17"]
[WhiteElo "2188"]
[BlackElo "1901"]
[PlyCount "127"]
[EventDate "2019.01.18"]
[EventType "swiss"]
[EventCountry "BLR"]
[TimeControl "5400+30"]

1. d4 d5 2. Nf3 Nf6 3. c4 c6 4. Nc3 dxc4 5. a4 Bf5 6. Ne5 Na6 7. e3 Nb4 8. Bxc4 e6 9. O-O Bd6 10. Qe2 Qc7 11. e4 Bg6 12. Nf3 e5 13. dxe5 Bxe5 14. Nxe5 Qxe5 15. Be3 O-O 16. f3 Rfe8 17. Rad1 a6 18. Qf2 b5 19. Bb3 Rad8 20. Bb6 Rd7 21. Bd4 Qc7 22. Bxf6 gxf6 23. Rxd7 Qxd7 24. Rd1 Qe7 25. Qd4 c5 26. Qf2 c4 27. Bc2 Nxc2 28. Qxc2 Qc5+ 29. Qf2 Qxf2+ 30. Kxf2 bxa4 31. Rd6 Rb8 32. Nxa4 f5 33. Ke3 fxe4 34. fxe4 Rb3+ 35. Kf4 a5 36. Rd5 f6 37. Rxa5 Be8 38. Ra8 Kf7 39. Ra7+ Kg6 40. g3 Rb4 41. Nc3 Rxb2 42. h4 Bf7 43. h5+ Kg7 44. Nd5 Rf2+ 45. Ke3 Rh2 46. g4 Rh3+ 47. Kf4 Rh1 48. Rc7 Rf1+ 49. Ke3 Rg1 50. Kf3 Rc1 51. Ne3 c3 52. Ke2 Kg8 53. Nf5 Bb3 54. Nd4 Bd1+ 55. Kd3 Bxg4 56. h6 Rd1+ 57. Ke3 f5 58. exf5 Rxd4 59. Kxd4 Bxf5 60. Ke5 Bg6 61. Kf6 Kf8 62. Rc8+ Be8 63. Rxc3 Bd7 64. Rb3 1-0

[Event "XVII Orsha-2019 Open"]
[Site "Orsha"]
[Date "2019.01.19"]
[Round "3.16"]
[White "Gonov, Sergey"]
[Black "Budnikov, Sergei"]
[Result "1/2-1/2"]
[ECO "B15"]
[WhiteElo "1905"]
[BlackElo "2152"]
[PlyCount "81"]
[EventDate "2019.01.18"]
[EventType "swiss"]
[EventCountry "BLR"]
[TimeControl "5400+30"]

1. e4 c6 2. d4 d5 3. Nc3 dxe4 4. Nxe4 Nf6 5. Ng5 h6 6. N5f3 Bf5 7. Bd3 Bxd3 8. Qxd3 e6 9. Bd2 Nbd7 10. Ne2 Bd6 11. c4 Nf8 12. O-O Ng6 13. b4 O-O 14. a4 Rc8 15. a5 Qe7 16. a6 b6 17. c5 Bc7 18. cxb6 Bxb6 19. Rfc1 Rfd8 20. Rc4 e5 21. Qc2 e4 22. Ne1 Nd5 23. Ra3 Qe6 24. Be3 f5 25. g3 Rf8 26. Ng2 Nxe3 27. fxe3 Ne7 28. Ngf4 Qd6 29. Nc3 g5 30. Nfe2 Rf6 31. Ra1 Rcf8 32. b5 cxb5 33. Nxb5 Qd7 34. Qb3 Kg7 35. Rac1 R8f7 36. Nbc3 Ng6 37. Qb5 Qxb5 38. Nxb5 f4 39. exf4 gxf4 40. Nec3 Rd7 41. Nxe4 1/2-1/2

[Event "XVII Orsha-2019 Open"]
[Site "Orsha"]
[Date "2019.01.19"]
[Round "3.17"]
[White "Tsesler, Yakau"]
[Black "Papunidi, Matvey"]
[Result "0-1"]
[ECO "D00"]
[WhiteElo "1895"]
[BlackElo "2113"]
[PlyCount "104"]
[EventDate "2019.01.18"]
[EventType "swiss"]
[EventCountry "BLR"]
[TimeControl "5400+30"]

1. a3 d5 2. d4 Bf5 3. Nf3 Nf6 4. e3 e6 5. Bd3 Bg6 6. O-O Bd6 7. b4 Nbd7 8. Bb2 O-O 9. Nbd2 c6 10. Ne5 Be7 11. Nxg6 hxg6 12. c4 Re8 13. Re1 Bd6 14. f4 a6 15. c5 Bc7 16. a4 Qe7 17. Qe2 Reb8 18. b5 Ba5 19. Reb1 Bxd2 20. Qxd2 Ne4 21. Qc2 f5 22. Bc1 axb5 23. axb5 Qd8 24. g3 Rxa1 25. Rxa1 Ra8 26. Ra4 cxb5 27. Rxa8 Qxa8 28. Bxb5 Ndf6 29. Bd3 Qa5 30. Kf1 Ng4 31. Bxe4 dxe4 32. h3 Nf6 33. Qb3 Qa6+ 34. Kf2 Nd5 35. Qb2 Qa4 36. Qd2 Nb4 37. Bb2 Nd3+ 38. Kg2 Qa2 39. Bc3 Qb1 40. Qe2 Kf7 41. Qd2 Ke7 42. Ba5 Kd7 43. Bc3 Kc6 44. h4 Kd5 45. Ba5 Qb2 46. Bc3 Qxd2+ 47. Bxd2 Kc4 48. Kf1 Kb3 49. Ke2 Kc2 50. Ba5 Nc1+ 51. Kf2 Kd3 52. Bc7 Na2 0-1

[Event "XVII Orsha-2019 Open"]
[Site "Orsha"]
[Date "2019.01.19"]
[Round "3.18"]
[White "Strybuk, Artsiom I"]
[Black "Staravoitava, Hanna"]
[Result "1-0"]
[ECO "D97"]
[WhiteElo "2110"]
[BlackElo "1864"]
[PlyCount "67"]
[EventDate "2019.01.18"]
[EventType "swiss"]
[EventCountry "BLR"]
[TimeControl "5400+30"]

1. d4 Nf6 2. c4 g6 3. Nc3 d5 4. Nf3 Bg7 5. Qb3 dxc4 6. Qxc4 O-O 7. e4 c6 8. Be2 b5 9. Qb3 a5 10. Qc2 Na6 11. O-O Qb6 12. h3 Nc7 13. Be3 Qb7 14. Rac1 Be6 15. Qb1 a4 16. a3 Rfb8 17. Ne5 c5 18. d5 Nfxd5 19. exd5 Bf5 20. Bd3 Bxe5 21. Bxf5 b4 22. d6 exd6 23. Be4 Qa6 24. axb4 cxb4 25. Nxa4 d5 26. Nc5 Qd6 27. Bf3 b3 28. Rfd1 Ra2 29. Bd4 Bf4 30. Nxb3 Qa6 31. Nc5 Qa5 32. Nd7 Raxb2 33. Bxb2 Bxc1 34. Qxc1 1-0

[Event "XVII Orsha-2019 Open"]
[Site "Orsha"]
[Date "2019.01.19"]
[Round "3.19"]
[White "Kolosovskaya, Olga"]
[Black "Navumenka, Mikhei"]
[Result "0-1"]
[ECO "E00"]
[WhiteElo "1855"]
[BlackElo "2104"]
[PlyCount "122"]
[EventDate "2019.01.18"]
[EventType "swiss"]
[EventCountry "BLR"]
[TimeControl "5400+30"]

1. d4 Nf6 2. c4 e6 3. g3 Bb4+ 4. Bd2 Be7 5. Bg2 O-O 6. Nf3 c5 7. O-O Nc6 8. dxc5 Bxc5 9. Nc3 a6 10. Rc1 Be7 11. Bf4 d6 12. e4 e5 13. Bg5 Bg4 14. Be3 Ne8 15. h3 Bxf3 16. Bxf3 Bg5 17. Qd2 Nd4 18. Bg2 Bxe3 19. Qxe3 Nc7 20. f4 b5 21. fxe5 dxe5 22. c5 Nce6 23. Nd5 Nc6 24. Bf3 Ned4 25. Bg4 f5 26. Nb6 fxg4 27. Nxa8 Qxa8 28. hxg4 h6 29. Kg2 Qd8 30. a3 a5 31. Rcd1 Qg5 32. Qxg5 hxg5 33. Rxf8+ Kxf8 34. Rf1+ Ke7 35. Rh1 a4 36. Rh8 Nd8 37. Rg8 N4e6 38. Kf2 Kd7 39. Ke3 Kc6 40. Kd3 Kxc5 41. Re8 Kd6 42. Rh8 Nf7 43. Rb8 Nd4 44. Rb7 Ke6 45. Rb6+ Nd6 46. Ra6 Nb3 47. Ra7 Nc5+ 48. Kc3 Ncxe4+ 49. Kb4 g6 50. Rg7 Kd5 51. Rxg6 Kd4 52. b3 axb3 53. Kxb3 Nf7 54. Kb4 Ned6 55. a4 bxa4 56. Kxa4 e4 57. Kb3 Kd3 58. Re6 e3 59. Re7 e2 60. Kb4 Ne4 61. Rd7+ Nfd6 0-1